 Dungeon Crawl Stone Soup version 0.28-a0-687-gb91baff9cc (webtiles) character file.

Game seed: 13346917286041125843

1789 voltaire321 the Skirmisher (level 8, -11/61 (64) HPs)
             Began as a Demonspawn Brigand on Oct 20, 2021.
             Was an Initiate of Wu Jian.
             Killed from afar by Maggie (27 damage)
             ... with a bolt of fire
             ... on level 7 of the Dungeon.
             The game lasted 00:20:27 (6863 turns).

voltaire321 the Skirmisher (Demonspawn Brigand)     Turns: 6863, Time: 00:20:27

HP:   -11/61 (64)   AC:  8    Str: 12    XL:     8   Next: 82%
MP:   11/11         EV: 14    Int: 19    God:    Wu Jian [......]
Gold: 196           SH:  0    Dex: 16    Spells: 9/12 levels left

rFire   . . .      SeeInvis .   y - +4 dagger (venom)
rCold   . . .      Faith    .   (no shield)
rNeg    . . .      Spirit   .   b - +0 robe
rPois   .          Reflect  +   i - +1 helmet
rElec   .          Harm     .   c - +0 cloak
rCorr   .          Rampage  .   (no gloves)
Will    .....                   (no boots)
Stlth   +.........              g - amulet of reflection
HPRegen 0.20/turn               k - ring of wizardry
MPRegen 0.12/turn               B - +6 ring of intelligence

@: confused, ambrosia-drunk, lightly drained
A: claws 1, slimy green scales 2, demonic guardian 1
a: Renounce Religion


You were on level 7 of the Dungeon.
You worshipped Wu Jian.
Wu Jian was noncommittal.
You visited 2 branches of the dungeon, and saw 8 of its levels.

You collected 196 gold pieces.

Inventory:

Hand Weapons
 a - a +2 dagger
 x - a +2 dagger of flaming
 y - a +4 dagger of venom (weapon)
Missiles
 d - 30 poisoned darts (quivered)
Armour
 b - a +0 robe (worn)
 c - a +0 cloak (worn)
 i - a +1 helmet (worn)
Jewellery
 g - an amulet of reflection (around neck)
 k - a ring of wizardry (left claw)
 t - a ring of ice
 B - a +6 ring of intelligence (right claw)
Wands
 l - a wand of iceblast (8)
Scrolls
 j - 2 scrolls of magic mapping
Potions
 h - a potion of curing
 m - a potion of attraction {unknown}
 o - a potion of flight {unknown}
 p - a potion of invisibility {unknown}
 q - 2 potions of ambrosia
 r - a potion of berserk rage {unknown}
 s - 2 potions of degeneration {unknown}


   Skills:
 + Level 5.9 Fighting
 - Level 1.7 Short Blades
 + Level 5.4 Throwing
 + Level 5.2 Dodging
 - Level 5.0 Stealth
 + Level 2.6 Spellcasting
 + Level 2.5 Translocations


You had 9 spell levels left.
You knew the following spells:

 Your Spells              Type           Power      Damage    Failure   Level
a - Blink                 Tloc           N/A        N/A       3%          2
b - Apportation           Tloc           24%        N/A       2%          1

Your spell library contained the following spells:

 Spells                   Type           Power      Damage    Failure   Level
 Animate Skeleton         Necr           4%         N/A       6%          1
 Summon Small Mammal      Summ           8%         N/A       6%          1
 Lesser Beckoning         Tloc           12%        N/A       7%          3
 Manifold Assault         Tloc           12%        N/A       50%         5


Dungeon Overview and Level Annotations

Branches:
Dungeon (7/15)             Temple (1/1) D:6

Altars:
Ashenzari
Cheibriados
Dithmenos
Fedhas
Gozag
Hepliaklqana
Kikubaaqudgha
Makhleb
Nemelex Xobeh
Okawaru
Qazlal
Ru
Sif Muna
Trog
Uskayaw
Vehumet
Wu Jian
Xom
Yredelemnul
Zin
The Shining One

Shops:
D:5 *

Annotations:
D:3 3 runed translucent doors, HilariousDeathArtist's ghost, amateur FeWn
D:5 3 runed translucent doors, flotson's ghost, novice DsDe
D:7 Maggie


Innate Abilities, Weirdness & Mutations

You have sharp fingernails.
You are mostly covered in slimy green scales. (AC +3)
A weak demonic guardian rushes to your aid.


Message History

The Council accepts your kill.
Maggie hits your white imp with a +0 scimitar!
Your white imp dies!
Your white imp disappears in a puff of smoke!
Throw: 33 darts (poison)
Press: ? - help, Q - select action, (/) - cycle Shift-Dir - straight line, f/p - Maggie
Aim: Maggie, wielding a +0 scimitar and wearing +0 steam dragon scales (lightly wounded, mesmerising, very poisoned, 64% to hit)
You throw a poisoned dart.
The poisoned dart closely misses Maggie.
Throw: 32 darts (poison)
Press: ? - help, Q - select action, (/) - cycle Shift-Dir - straight line, f/p - Maggie
Aim: Maggie, wielding a +0 scimitar and wearing +0 steam dragon scales (lightly wounded, mesmerising, very poisoned, 64% to hit)
You throw a poisoned dart. The poisoned dart hits Maggie!
Maggie looks as sick as possible!
Maggie is lightly wounded.
Throw: 31 darts (poison)
Press: ? - help, Q - select action, (/) - cycle Shift-Dir - straight line, f/p - Maggie
Aim: Maggie, wielding a +0 scimitar and wearing +0 steam dragon scales (lightly wounded, mesmerising, extremely poisoned, 64% to hit)
You throw a poisoned dart. The poisoned dart barely misses Maggie.
You completely miss Maggie.
Maggie is moderately wounded.
Maggie casts a spell at you. The bolt of fire hits you.
* * * LOW HITPOINT WARNING * * *
You hit Maggie but do no damage.
Maggie looks as sick as possible!
Maggie is moderately wounded.
You hit Maggie.
Maggie looks as sick as possible!
Maggie is moderately wounded.
Maggie casts a spell at you. The bolt of fire hits you!
* * * LOW HITPOINT WARNING * * *
A demonic guardian appears!
You feel better.
You break out of your daze.
You block Maggie's attack.
Your shadow imp hits Maggie.
You are confused.
You feel invigorated. Maggie gestures at you while chanting.
The bolt of fire hits you!!
You die...

♣♣♣ ♣!.♣###### #.#
..♣....#...## #.#
..♣._.......## . #.#
#..♣.....@5...# . #.#
...♣..♣.)@[...# ..
#.##...♣ ♣♣.......#
#.##.....####Z..(.$.##
..>....###.......(...#
###...÷....###.......#
......).)..###.......#
.#.##.####..@##.(((.##
##.##.# #...###...##


You could see Maggie (extremely poisoned, ally target), a wyvern skeleton and a
friendly shadow imp (summoned).

Vanquished Creatures
  Pikel (D:4)
  A wyvern (D:7)
  A necrophage (D:6)
  2 sky beasts
  An ogre (D:6)
  Blork the orc (D:5)
  2 scorpions
  A water moccasin zombie (D:7)
  3 wights (D:7)
  A centaur skeleton (D:5)
  2 jellies
  3 iguanas (D:5)
  An orc wizard (D:6)
  4 adders
  A howler monkey skeleton (D:7)
  A worm (D:3)
  A dart slug (D:3)
  9 orcs
  6 ball pythons
  8 endoplasms
  6 giant cockroaches (D:1)
  2 goblins (D:1)
  6 hobgoblins
  4 jackals
  2 quokkas
  5 bats
  2 frilled lizards (D:1)
  6 kobolds
  5 rats
88 creatures vanquished.

Vanquished Creatures (collateral kills)
  A wyvern zombie (D:7)
  A wight (D:7)
  An orc priest (D:6)
3 creatures vanquished.

Grand Total: 91 creatures vanquished

Notes
Turn   | Place    | Note
-------+----------+-------------------------------------------
     0 | D:1      | voltaire321 the Demonspawn Brigand began the quest for the
                  | Orb.
     0 | D:1      | Reached XP level 1. HP: 16/16 MP: 1/1
   124 | D:1      | Reached skill level 1 in Dodging
   350 | D:1      | Gained mutation: You are partially covered in slimy green
                  | scales. (AC +2) [demonic ancestry]
   350 | D:1      | Reached XP level 2. HP: 22/22 MP: 2/2
   852 | D:1      | Reached XP level 3. HP: 27/28 MP: 3/3
  1393 | D:2      | You fall into a shaft and drop 2 floors!
  1480 | D:3      | Found a runed translucent gate.
  1481 | D:3      | Found a runed translucent gate.
  1481 | D:3      | Found a runed translucent gate.
  1482 | D:3      | Noticed HilariousDeathArtist's ghost (amateur FeWn)
  2110 | D:3      | Reached XP level 4. HP: 34/34 MP: 4/4
  2604 | D:3      | Found a shimmering blue altar of Sif Muna.
  2895 | D:4      | Noticed a scorpion
  2924 | D:4      | Killed a scorpion
  2925 | D:4      | Reached XP level 5. HP: 38/41 MP: 5/5
  3054 | D:4      | Noticed a lemure
  3054 | D:4      | Noticed a lemure
  3258 | D:4      | Noticed Pikel
  3269 | D:4      | Noticed a lemure
  3271 | D:4      | Noticed a lemure
  3281 | D:4      | Killed Pikel
  3282 | D:4      | Reached skill level 5 in Stealth
  3282 | D:4      | Gained mutation: You are mostly covered in slimy green
                  | scales. (AC +3) [demonic ancestry]
  3282 | D:4      | Reached XP level 6. HP: 18/49 MP: 6/6
  3282 | D:4      | Gained mutation: You have sharp fingernails. [demonic
                  | ancestry]
  3282 | D:4      | Reached XP level 7. HP: 21/55 MP: 7/7
  3573 | D:5      | Entered Level 5 of the Dungeon
  3600 | D:5      | Found a runed translucent gate.
  3600 | D:5      | Found a runed translucent gate.
  3600 | D:5      | Found a runed translucent gate.
  3601 | D:5      | Found an opulent altar of Gozag.
  3602 | D:5      | Noticed flotson's ghost (novice DsDe)
  4018 | D:5      | Found Gozag's Platinum Reserve.
  4022 | D:5      | Found an opulent altar of Gozag.
  4462 | D:5      | Reached skill level 5 in Fighting
  4737 | D:5      | Learned a level 2 spell: Blink
  4784 | D:5      | Noticed Blork the orc
  4793 | D:5      | Killed Blork the orc
  4817 | D:5      | Gained mutation: A weak demonic guardian rushes to your
                  | aid. [demonic ancestry]
  4817 | D:5      | Reached XP level 8. HP: 62/62 MP: 8/8
  5059 | D:5      | Found a stormy altar of Qazlal.
  5059 | D:5      | Found a hide-covered altar of Uskayaw.
  5143 | D:6      | Found a staircase to the Ecumenical Temple.
  5156 | D:6      | Reached skill level 1 in Spellcasting
  5227 | Temple   | Entered the Ecumenical Temple
  5372 | Temple   | Became a worshipper of the Wu Jian Council
  5416 | D:6      | Reached skill level 1 in Translocations
  5450 | D:6      | Learned a level 1 spell: Apportation
  5532 | D:6      | Reached skill level 5 in Throwing
  6120 | D:7      | Reached skill level 5 in Dodging
  6816 | D:7      | Noticed Maggie
  6825 | D:7      | Identified the +2 hand axe of Oteklisch {vorpal, rElec rC-
                  | Will+ Dex+4}
  6835 | D:7      | Found a snail-covered altar of Cheibriados.
  6861 | D:7      | HP: 3/61 [Maggie/bolt of fire (13)]
  6863 | D:7      | Killed from afar by Maggie

Illustrated notes

Levels and vault maps discovered:
D:1:      wander_arrival_abandoned_jail, layout_basic, minmay_worlds_worst_comb
D:2:      layout_loops_ring, basic_altar, hellmonk_ecumenical_altar_arch_garden
D:3:      layout_loops_ring, lemuel_blue_sif_altar, ebering_ghost_rock_garden
D:4:      layout_loops_ring, uniq_pikel
D:5:      layout_basic, nicolae_gozag_zags_fifth_avenue,
          gammafunk_temple_overflow_statue, ebering_ghost_gozag,
          uniq_blork_the_orc
D:6:      layout_basic, temple_green
D:7:      layout_rooms, mainiacjoe_overflow_alcove_1, uniq_maggie
Temple:   eino_temple_rhombus

Skill      XL: |  1  2  3  4  5  6  7  8 |
---------------+-------------------------+-----
Dodging        | 1 2 3 4 5 |  5.2
Throwing       | 2 4 5 |  5.4
Stealth        | 4 5 |  5.0
Fighting       | 3 4 5 |  5.9
Spellcasting   | 2 |  2.6
Translocations | 2 |  2.5
Short Blades   | |  1.7

Action                   |  1- 3 |  4- 6 |  7- 9 || total
-------------------------+-------+-------+-------++-------
Melee: Dagger            |   145 |    76 |   220 ||   441
Throw: Dart              |       |     9 |    22 ||    31
Invok: Lunge             |       |       |     3 ||     3
  Use: Scroll            |       |     3 |     9 ||    12
       Potion            |       |       |     3 ||     3
 Stab: Sleeping          |    14 |     4 |     6 ||    24
Armor: Robe              |    39 |     8 |    39 ||    86
Dodge: Dodged            |    82 |    30 |    93 ||   205
Block: Other             |    28 |    12 |    34 ||    74

Table legend: (Time is in decaauts)
 A = Elapsed time spent in this place.
 B = Non-inter-level travel time spent in this place.
 C = Inter-level travel time spent in this place.
 D = Time resting spent in this place.
 E = Time spent auto-exploring this place.
 F = Levels seen in this place.
 G = Mean time per level.
                   A        B        C        D        E       F      G
               +--------+--------+--------+--------+--------+-----+--------+
         Total |   6817 |   6729 |     88 |   1923 |   3347 |   8 |  852.1 |
       Dungeon |   6663 |   6575 |     88 |   1923 |   3225 |   7 |  951.9 |
        Temple |    153 |    153 |      0 |      0 |    122 |   1 |  153.0 |
               +--------+--------+--------+--------+--------+-----+--------+

Top non-repeatable levels by time:
     D:4: 1263 daAuts
     D:3: 1253 daAuts
     D:5: 1175 daAuts
     D:1: 1045 daAuts
     D:7: 974 daAuts
     D:6: 610 daAuts
     D:2: 340 daAuts
  Temple: 153 daAuts
